 Dungeon Crawl Stone Soup version 0.28.0-43-g3370ac3207 (webtiles) character file.

Game seed: 7581478175760907845

410 Pinkishskies the Skirmisher (level 6, -10/39 HPs)
             Began as a Gargoyle Fighter on Mar 7, 2022.
             Mangled by Edmund
             ... wielding a +1 dire flail of protection
              (13 damage)
             ... on level 4 of the Dungeon on Mar 8, 2022.
             The game lasted 00:09:15 (3001 turns).

Pinkishskies the Skirmisher (Gargoyle Fighter)      Turns: 3001, Time: 00:09:15

Health: -10/39     AC: 15    Str: 22    XL:     6   Next: 89%
Magic:  6/6        EV:  7    Int:  8    God:
Gold:   105        SH:  4    Dex:  9    Spells: 5/5 levels left

rFire   . . .      SeeInvis .   a - +0 flail
rCold   . . .      Faith    .   c - +0 buckler
rNeg    + . .      Spirit   .   h - +0 chain mail
rPois   ∞          Reflect  .   (no helmet)
rElec   +          Harm     .   (no cloak)
rCorr   .          Rampage  .   d - +0 pair of gloves
Will    .....                   (no boots)
Stlth   ..........              (no amulet)
HPRegen 0.13/turn               (no ring)
MPRegen 0.10/turn               (no ring)

@: mighty
A: sickness immunity, AC +4, negative energy resistance 1, electricity
resistance, torment resistance 1, petrification resistance
a: no special abilities


You were on level 4 of the Dungeon.
You visited 1 branch of the dungeon, and saw 4 of its levels.

You collected 105 gold pieces.

Inventory:

Hand Weapons
 a - a +0 flail (weapon)
Armour
 b - a +0 scale mail
 c - a +0 buckler (worn)
 d - a +0 pair of gloves (worn)
 h - a +0 chain mail (worn)
Jewellery
 g - a ring of flight
Wands
 o - a wand of iceblast (3)
Scrolls
 e - 3 scrolls of identify {unknown}
 f - 3 scrolls of blinking {unknown}
 k - a scroll of fog {unknown}
 l - a scroll of noise {unknown}
 m - a scroll of silence {unknown}
 n - a scroll of vulnerability {unknown}
 p - a scroll of magic mapping {unknown}
 t - a scroll of enchant armour {unknown}
Potions
 i - 2 potions of attraction {unknown}
 j - 3 potions of curing {unknown}
 q - a potion of berserk rage {unknown}
 r - a potion of mutation {unknown}


   Skills:
 + Level 4.6 Fighting
 + Level 4.6 Maces & Flails
 + Level 4.3 Armour
 + Level 1.0 Dodging
 + Level 1.5 Stealth
 + Level 4.4 Shields


You had 5 spell levels left.
You didn't know any spells.
Your spell library contained the following spells:

 Spells                   Type           Power      Damage    Failure   Level
 Animate Skeleton         Necr           0%         N/A       99%         1
 Summon Small Mammal      Summ           0%         N/A       99%         1
 Corpse Rot               Necr/Air       0%         N/A       100%        2
 Poisonous Vapours        Pois/Air       0%         N/A       100%        2
 Call Canine Familiar     Summ           0%         N/A       100%        3
 Portal Projectile        Hex/Tloc       0%         N/A       100%        3
 Summon Guardian Golem    Hex/Summ       0%         N/A       100%        3
 Anguish                  Hex/Necr       0%         N/A       100%        4
 Leda's Liquefaction      Hex/Erth       0%         N/A       100%        4
 Petrify                  Tmut/Erth      0%         N/A       100%        4
 Borgnjor's Revivificati  Necr           0%         N/A       100%        8


Dungeon Overview and Level Annotations

Branches:
Dungeon (4/15)
 Temple: D:4-7

Altars:

Annotations:
D:4 Edmund


Innate Abilities, Weirdness & Mutations

You are immune to sickness and miasma.
Your stone body is resilient. (AC +4)
You are immune to poison.
You resist negative energy. (rN+)
You are resistant to electric shocks. (rElec)
You are resistant to unholy torment.
You are immune to petrification.


Message History

Edmund is moderately wounded.
You block Edmund's attack.
You hit Edmund but do no damage.
Edmund is moderately wounded.
Edmund hits you with a +1 dire flail of protection!
You sock Edmund!
Edmund is heavily wounded.
You block Edmund's attack.
Edmund hits you with a +1 dire flail of protection.
You barely miss Edmund.
Edmund is heavily wounded.
An orc comes into view. It is wielding a +0 flail.
Edmund hits you with a +1 dire flail of protection.
An orc comes into view. It is wielding a +0 flail.
You completely miss Edmund.
Edmund is heavily wounded.
The orc shouts!
Edmund hits you with a +1 dire flail of protection!
You hit Edmund.
Edmund is severely wounded.
Edmund hits you with a +1 dire flail of protection!
* * * LOW HITPOINT WARNING * * *
An orc comes into view. It is wielding a +0 whip.
Edmund says, "Everyone always remembers my brother. 'Who's Edmund?' they ask!"
Aiming: Iceblast
Press: ? - help, Q - select action Shift-Dir - straight line, p - Edmund The mass of ice explodes!
The iceblast engulfs Edmund.
Edmund is severely wounded.
You hear a shout!
Edmund barely misses you.
Aiming: Iceblast
Press: ? - help, Q - select action Shift-Dir - straight line The mass of ice explodes!
The iceblast engulfs Edmund.
Edmund is severely wounded.
Edmund hits you with a +1 dire flail of protection.
* * * LOW HITPOINT WARNING * * *
You sock Edmund!
Edmund is almost dead.
Edmund hits you with a +1 dire flail of protection!
You die...

.... #.####.# ....
#.####.# ......
#....#.# ......
###.####.#.#####
.......#..........#...#
.o....o#.##.###.####..#
..........# #.......#
......##@.# ######.##
.......o.@###.# ###.##
......###.....# #....#
#####......#### #.#..#
######.# #.#..# #.#
#.#..# #.#######.#..#
#.........####
###########


You could see Edmund and 2 orcs.

Vanquished Creatures
  2 black bears
  An ogre (D:4)
  2 hound skeletons (D:4)
  5 adders
  A worm (D:3)
  4 dart slugs
  5 ball pythons
  5 bats
  10 endoplasms
  5 giant cockroaches
  7 goblins
  A hobgoblin (D:1)
  8 kobolds
  A quokka (D:2)
  11 frilled lizards
  6 rats
74 creatures vanquished.

Vanquished Creatures (others)
  3 fungi (D:2)
  7 plants (D:2)
10 creatures vanquished.

Grand Total: 84 creatures vanquished

Notes
Turn   | Place    | Note
-------+----------+-------------------------------------------
     0 | D:1      | Pinkishskies the Gargoyle Fighter began the quest for the
                  | Orb.
     0 | D:1      | Reached XP level 1. HP: 14/14 MP: 1/1
   156 | D:1      | Got the Almanac of Doomed Moulding
   305 | D:1      | Reached XP level 2. HP: 19/19 MP: 2/2
   923 | D:1      | Reached XP level 3. HP: 22/23 MP: 3/3
  1416 | D:2      | Found a faded altar of an unknown god.
  1646 | D:2      | Reached XP level 4. HP: 29/29 MP: 4/4
  2085 | D:2      | You fall into a shaft and drop 1 floor!
  2160 | D:3      | Noticed a black bear
  2178 | D:3      | Killed a black bear
  2179 | D:3      | Reached skill level 1 in Dodging
  2179 | D:3      | Reached XP level 5. HP: 23/33 MP: 5/5
  2752 | D:4      | Reached XP level 6. HP: 39/39 MP: 6/6
  2783 | D:4      | Reached skill level 1 in Stealth
  2904 | D:4      | Noticed a black bear
  2911 | D:4      | Killed a black bear
  2985 | D:4      | Noticed Edmund
  3001 | D:4      | Mangled by Edmund

Illustrated notes

Levels and vault maps discovered:
D:1:      psy_arrival_radial02, layout_basic, minmay_pentomino_s4
D:2:      layout_rooms, shapermc_ecumenical_altar_mp_urbaneastern,
          minmay_misc_feat_nine_boxes, minmay_lizard_king
D:3:      layout_loops_ring, minmay_cupped
D:4:      layout_basic, minmay_pentomino_pile, uniq_edmund

Skill      XL: |  1  2  3  4  5  6 |
---------------+-------------------+-----
Shields        | 4 |  4.4
Maces & Flails | 3 4 |  4.6
Fighting       | 4 |  4.6
Armour         | 4 |  4.3
Dodging        | 1 |  1.0
Stealth        | 1 |  1.5

Action                   |  1- 3 |  4- 6 || total
-------------------------+-------+-------++-------
Melee: Flail             |   127 |   101 ||   228
Evoke: Wand              |       |     6 ||     6
  Use: Potion            |       |     2 ||     2
Armor: Scale mail        |    24 |       ||    24
       Chain mail        |    51 |    59 ||   110
Dodge: Dodged            |    39 |    25 ||    64
Block: Buckler           |    33 |    27 ||    60
